 Dungeon Crawl Stone Soup version 0.21.1-1-g345015f (webtiles) character file.

4516 MBI the Archer (level 10, -1/77 HPs)
             Began as a Demonspawn Wanderer on Apr 7, 2018.
             Was an Initiate of Nemelex Xobeh.
             Slain by an Executioner (16 damage)
             ... created by the fury of Makhleb
             ... on level 8 of the Dungeon.
             The game lasted 01:32:09 (9719 turns).

MBI the Archer (Demonspawn Wanderer)                Turns: 9719, Time: 01:32:10

Health: -1/77      AC: 23    Str: 19    XL:     10   Next: 16%
Magic:  11/11      EV:  7    Int: 13    God:    Nemelex Xobeh [......]
Gold:   189        SH:  0    Dex: 11    Spells: 9/9 levels left

rFire    . . .     SeeInvis .   b - +2 shortbow
rCold    . . .     Gourm    .   (shield currently unavailable)
rNeg     + + .     Faith    .   N - +0 plate armour
rPois    .         Spirit   .   m - +2 helmet
rElec    .         Reflect  .   (no cloak)
rCorr    .         Harm     .   (no gloves)
MR       .....                  I - +4 pair of boots of Yredelemnul's Hatred {rN+ Str+3 Dex-2}
Stlth    ..........             o - amulet "Fecsuth" {rN+ Regen+}
HPRegen  0.62/turn              (no ring)
MPRegen  0.12/turn              (no ring)

@: no status effects
A: claws 1, rugged brown scales 2, demonic guardian 1, nightstalker 1
a: Renounce Religion


You were on level 8 of the Dungeon.
You worshipped Nemelex Xobeh.
Nemelex Xobeh was noncommittal.
You were hungry.

You visited 2 branches of the dungeon, and saw 9 of its levels.

You collected 483 gold pieces.
You spent 294 gold pieces at shops.

Inventory:

Hand Weapons
 a - a +3 whip of draining
 b - a +2 shortbow (weapon)
 x - a +7 blowgun
 y - a +0 dagger of speed
 z - a +0 vampiric dagger
 A - a +2 scimitar
 H - a +1 mace of crushing
 M - a +1 dagger of venom
 O - a +0 hand axe of chopping
 Q - a +2 flail of draining
 S - a +1 double sword of electrocution
 T - a +4 hand crossbow of flaming
Missiles
 h - 62 arrows (quivered)
Armour
 d - a +0 ring mail
 m - a +2 helmet (worn)
 I - the +4 pair of boots of Yredelemnul's Hatred (worn) {rN+ Str+3 Dex-2}
   (You bought it in a shop on level 4 of the Dungeon)

   It affects your strength (+3).
   It affects your dexterity (-2).
   It protects you from negative energy.
 N - a +0 plate armour (worn)
Magical Staves
 L - an uncursed staff of wizardry
Jewellery
 k - an uncursed amulet of guardian spirit
 o - the amulet "Fecsuth" (around neck) {rN+ Regen+}
   (You found it on level 7 of the Dungeon)

   [amulet of regeneration]

   It protects you from negative energy.
   It increases your rate of regeneration.
Wands
 e - a wand of disintegration (12)
 w - a wand of acid (3)
 F - a wand of iceblast (8)
 U - a wand of scattershot (5)
Scrolls
 g - a scroll of amnesia
 i - a scroll of brand weapon {unknown}
 j - a scroll of blinking
 l - a scroll of magic mapping {unknown}
 p - 2 scrolls of teleportation
 q - a scroll of enchant weapon
 s - 2 scrolls of enchant armour
 R - a scroll of remove curse
 X - a scroll of immolation {unknown}
Potions
 c - 2 potions of brilliance
 r - 2 potions of resistance
 t - a potion of mutation {unknown}
 u - 2 potions of curing
 v - a potion of lignification
 B - a potion of experience {unknown}
 D - a potion of agility
 G - 2 potions of flight
 K - a potion of cancellation {unknown}
 W - a potion of might
Books
 n - a book of Geomancy

   Spells                             Type                      Level
   a - Sandblast                      Earth                        1
   b - Passwall                       Transmutation/Earth          2
   c - Stone Arrow                    Conjuration/Earth            3
   d - Petrify                        Transmutation/Earth          4
   e - Lee's Rapid Deconstruction     Earth                        5
 E - a book of Flames

   Spells                             Type                      Level
   a - Flame Tongue                   Conjuration/Fire             1
   b - Throw Flame                    Conjuration/Fire             2
   c - Conjure Flame                  Conjuration/Fire             3
   d - Inner Flame                    Hexes/Fire                   3
   e - Sticky Flame                   Conjuration/Fire             4
   f - Fireball                       Conjuration/Fire             5
 P - a book of Flames

   Spells                             Type                      Level
   a - Flame Tongue                   Conjuration/Fire             1
   b - Throw Flame                    Conjuration/Fire             2
   c - Conjure Flame                  Conjuration/Fire             3
   d - Inner Flame                    Hexes/Fire                   3
   e - Sticky Flame                   Conjuration/Fire             4
   f - Fireball                       Conjuration/Fire             5
 V - Sif Muna's Tome of Companions
   (You found it on level 7 of the Dungeon)

   Spells                             Type                      Level
   a - Summon Small Mammal            Summoning                    1
Miscellaneous
 C - a phial of floods (inert)
 J - a plain deck of destruction {drawn: 8}
Comestibles
 f - 8 rations


   Skills:
 + Level 5.4 Fighting
 + Level 2.5 Short Blades
 + Level 5.7 Maces & Flails
   Level 1.0 Polearms
 + Level 8.1 Bows
 + Level 5.7 Armour
 + Level 4.1 Dodging
 + Level 3.3 Stealth
 + Level 0.3 Invocations
 + Level 1.8 Evocations


You had 9 spell levels left.
You didn't know any spells.

Dungeon Overview and Level Annotations

Branches:
Dungeon (8/15)             Temple (1/1) D:7            Lair (0/6) D:8

Altars:
Ashenzari
Elyvilon
Fedhas
Gozag
Kikubaaqudgha
Makhleb
Nemelex Xobeh
Ru
Sif Muna
Trog
Vehumet
Xom
Yredelemnul
Zin
The Shining One

Shops:
D:4 [

Annotations:
D:4 1 runed door


Innate Abilities, Weirdness & Mutations

You have sharp fingernails.
You are mostly covered in rugged brown scales. (AC +2, +5% HP)
A weak demonic guardian rushes to your aid.
You are slightly more attuned to the shadows.


Message History

Your white imp hits the Executioner but does no damage.
Your white imp closely misses the Executioner.
The Executioner closely misses you. The Executioner hits you.
The Executioner closely misses you. The smoke demon gestures at you.
The ball of steam hits you!
* * * LOW HITPOINT WARNING * * *
Firing (i - inventory):
h - 63 arrows (quivered)
Press: ? - help, Shift-Dir - straight line, f/p - Executioner
Aim: an Executioner (steam, severely wounded, fast, durably summoned)
You shoot an arrow.
The arrow closely misses the Executioner.
The Executioner hits you but does no damage. x6
Your white imp hits the Executioner.
Your white imp freezes the Executioner.
The Executioner resists.
Your white imp is engulfed in a cloud of scalding steam.
Your white imp dies!
The Executioner hits you!
You die...
Your body disappears without a glow.

.........##..........#..........#
.P.......##.........##..........#
.........##....⌠.....#..........#
###%.###........................#
###(.# #.....§.§§§.'............'
.%...# #.....§.§.§.#............#
.....# #....§§§.§#####..........#
.....#####..§§§§§.####...........
....>......3§.§§@§#..............
............§§.§15#..............
.............§..§§#........######
...........###§§..#........#
...........# #§§§.#############
....##'#######......).........#
..####..........(.............#
..............................#
..............................#


You could see an Executioner and a friendly white imp.

Vanquished Creatures
  Grinder (D:4)
  Prince Ribbit (D:5)
  A ynoxinul (D:7)
  A neqoxec (D:7)
  A soldier ant (D:8)
  A porcupine (D:8)
  A sky beast (D:6)
  3 orc warriors
  2 ice beasts (D:6)
  3 ogres
  A centaur (D:7)
  2 phantoms
  Blork the orc (D:6)
  9 bullfrogs
  2 wyvern skeletons
  5 scorpions
  4 killer bees
  3 wights
  2 crimson imps
  2 centaur zombies
  A bullfrog zombie (D:6)
  2 hounds
  2 orc priests (D:7)
  A jelly (D:6)
  A quasit (D:7)
  A human zombie (D:4)
  11 orc wizards
  A gnoll shaman (D:7)
  4 worker ants
  3 gnolls (D:2)
  4 adders
  A shadow imp (D:6)
  An ooze (D:1)
  3 worms
  3 dart slugs (D:1)
  6 leopard geckos
  19 orcs
  3 ball pythons
  7 giant cockroaches
  12 goblins
  5 hobgoblins
  18 jackals
  7 kobolds
  4 quokkas
  A ball python zombie (D:6)
  5 bats
  7 frilled lizards
  2 leopard gecko skeletons
  A quokka skeleton (D:7)
  4 rats
186 creatures vanquished.

Vanquished Creatures (collateral kills)
  2 hellwings (D:7)
  A neqoxec (D:8)
  Menkaure (D:4)
  A sky beast (D:5)
  An orc warrior (D:7)
  3 ogres
  2 bullfrogs (D:7)
  A scorpion (D:4)
  5 killer bees
  2 wights (D:6)
  A jelly (D:7)
  A crimson imp (D:8)
  An adder (D:4)
  An adder zombie (D:7)
  5 orcs
  A quokka zombie (D:7)
29 creatures vanquished.

Vanquished Creatures (others)
  A plant (D:7)
1 creature vanquished.

Grand Total: 216 creatures vanquished

Notes
Turn   | Place    | Note
-------+----------+-------------------------------------------
     0 | D:1      | MBI the Demonspawn Wanderer began the quest for the Orb.
     0 | D:1      | MBI set off with: a +2 shortbow, 28 arrows, a potion of lignification, a +0 ring mail, a ration
     0 | D:1      | Reached XP level 1. HP: 15/15 MP: 1/1
    73 | D:1      | Reached skill level 2 in Bows
    73 | D:1      | Gained mutation: You have sharp fingernails. [demonic ancestry]
    73 | D:1      | Reached XP level 2. HP: 16/21 MP: 2/2
   406 | D:1      | Reached XP level 3. HP: 20/26 MP: 3/3
  1089 | D:2      | Reached skill level 1 in Short Blades
  1242 | D:2      | Reached XP level 4. HP: 32/32 MP: 4/4
  1997 | D:3      | Gained mutation: A weak demonic guardian rushes to your aid. [demonic ancestry]
  1997 | D:3      | Reached XP level 5. HP: 16/37 MP: 5/5
  3271 | D:3      | Reached skill level 3 in Bows
  3601 | D:4      | Noticed Menkaure
  3607 | D:4      | Killed Menkaure
  3607 | D:4      | Reached XP level 6. HP: 44/44 MP: 6/6
  3879 | D:4      | Found Puloc's Antique Armour Boutique.
  3997 | D:4      | Found a shattered altar of Ashenzari.
  4357 | D:4      | Noticed Grinder
  4368 | D:4      | Killed Grinder
  4368 | D:4      | Reached skill level 1 in Maces & Flails
  4368 | D:4      | Reached skill level 4 in Bows
  4368 | D:4      | Gained mutation: You are slightly more attuned to the shadows. [demonic ancestry]
  4368 | D:4      | Reached XP level 7. HP: 39/51 MP: 4/7
  4441 | D:4      | Found a runed door.
  4441 | D:4      | Noticed a human
  4446 | D:4      | Found a basalt altar of Yredelemnul.
  4824 | D:5      | Entered Level 5 of the Dungeon
  5092 | D:5      | Noticed Prince Ribbit
  5134 | D:5      | Killed Prince Ribbit
  5134 | D:5      | Reached skill level 5 in Bows
  5565 | D:6      | Found a glowing silver altar of Zin.
  5586 | D:6      | Gained mutation: You are partially covered in rugged brown scales. (AC +1, +3% HP) [demonic ancestry]
  5586 | D:6      | Reached XP level 8. HP: 52/59 MP: 8/8
  5971 | D:6      | Found a blossoming altar of Fedhas.
  5977 | D:6      | Reached skill level 6 in Bows
  6039 | D:6      | Found a burning altar of Makhleb.
  6109 | D:6      | Became a worshipper of Makhleb the Destroyer
  6348 | D:6      | Noticed Blork the orc
  6359 | D:6      | Killed Blork the orc
  6694 | D:4      | Bought a pair of heavily runed boots for 294 gold pieces
  6699 | D:4      | Identified the +4 pair of boots of Yredelemnul's Hatred {rN+ Str+3 Dex-2} (You bought it in a shop on level 4 of the Dungeon)
  6835 | D:7      | Reached XP level 9. HP: 61/67 MP: 6/9
  6888 | D:7      | Found a staircase to the Ecumenical Temple.
  6945 | Temple   | Entered the Ecumenical Temple
  6994 | Temple   | Fell from the grace of Makhleb
  6994 | Temple   | Became a worshipper of Nemelex Xobeh the Trickster
  7117 | D:7      | Noticed a hellwing
  7308 | D:7      | Killed a hellwing
  7357 | D:7      | Reached skill level 7 in Bows
  7578 | D:7      | Received a gift from Nemelex Xobeh
  7790 | D:7      | Reached skill level 5 in Fighting
  7811 | D:7      | Reached skill level 5 in Armour
  8040 | D:7      | Noticed a hellwing
  8055 | D:7      | Killed a hellwing
  8400 | D:7      | Got a brightly glowing zirconium amulet
  8402 | D:7      | Identified the amulet "Fecsuth" {rN+ Regen+} (You found it on level 7 of the Dungeon)
  8644 | D:7      | Found a deep blue altar of Sif Muna.
  8667 | D:7      | Identified Sif Muna's Tome of Companions
  8684 | D:7      | Found an ancient bone altar of Kikubaaqudgha.
  8702 | D:7      | Found a radiant altar of Vehumet.
  8894 | D:8      | Reached skill level 5 in Maces & Flails
  8922 | D:8      | Reached skill level 8 in Bows
  8936 | D:8      | Found an opulent altar of Gozag.
  8940 | D:8      | Found a sacrificial altar of Ru.
  9198 | D:8      | Gained mutation: You are mostly covered in rugged brown scales. (AC +2, +5% HP) [demonic ancestry]
  9198 | D:8      | Reached XP level 10. HP: 68/77 MP: 11/11
  9458 | D:8      | Found a staircase to the Lair.
  9709 | D:8      | Noticed an Executioner
  9709 | D:8      | Noticed a smoke demon
  9719 | D:8      | Slain by an Executioner

Skill      XL: |  1  2  3  4  5  6  7  8  9 |
---------------+----------------------------+-----
Bows           | 2 3 4 5 6 8 |  8.1
Armour         | 3 4 5 |  5.7
Short Blades   | 1 2 |  2.5
Dodging        | 2 3 4 |  4.1
Fighting       | 2 3 4 5 |  5.4
Maces & Flails | 1 2 3 5 |  5.7
Stealth        | 2 3 |  3.3
Polearms       | |  1.0
Invocations    | |  0.3
Evocations     | |  1.8

Action                   |  1- 3 |  4- 6 |  7- 9 | 10-12 || total
-------------------------+-------+-------+-------+-------++-------
Melee: Shortbow          |     3 |     3 |       |       ||     6
       Short sword       |   127 |   158 |       |       ||   285
       Whip              |       |    23 |   310 |    75 ||   408
 Fire: Shortbow          |    46 |    65 |   198 |    14 ||   323
Evoke: Deck              |       |       |     7 |     1 ||     8
       Wand              |       |       |     4 |       ||     4
       Phial of floods   |       |       |     1 |       ||     1
  Use: Scroll            |       |     4 |     5 |     5 ||    14
       Potion            |       |     1 |     4 |     1 ||     6
 Stab: Sleeping          |       |     3 |     3 |       ||     6
       Distracted        |       |       |     1 |       ||     1
  Eat: Chunk             |     1 |     4 |     8 |     1 ||    14
       Ration            |       |     2 |     2 |       ||     4
Armor: Ring mail         |    61 |    48 |   119 |       ||   228
       Skin              |       |    46 |     1 |       ||    47
       Plate armour      |       |       |    88 |   126 ||   214
Dodge: Dodged            |    87 |   114 |   214 |    63 ||   478
